[Event "ESP-ch U2000 2024"]
[Site "Albacete"]
[Date "2024.09.01"]
[Round "9.7"]
[White "Campos Saez, Sergio"]
[Black "Marin Lopez, Juan Jose"]
[Result "1/2-1/2"]
[ECO "B03"]
[WhiteElo "1923"]
[BlackElo "1895"]
[Annotator "TA"]
[PlyCount "67"]
[EventDate "2024.08.27"]
[EventType "swiss"]
[EventCountry "ESP"]
[SourceTitle "playchess.com"]
[Source "ChessBase"]
[SourceQuality "1"]
[TimeControl "5400+30"]

1. e4 Nf6 2. e5 Nd5 3. c4 Nb6 4. d4 d6 5. f4 dxe5 6. fxe5 Nc6 7. Nf3 Bg4 8. Be3 e6 9. Nc3 Qd7 10. Qd2 Be7 {[%emt 0:03:51] Strongly threatening ...Bxf3.} 11. O-O-O {[%emt 0:04:55] The position is equal.} O-O-O 12. h3 Bxf3 ({Black should play} 12... Bh5 $1 $11) 13. gxf3 $14 f6 14. f4 g5 15. d5 Qe8 16. Qf2 {[%emt 0:09:21] White is more active.} ({Much weaker is} 16. fxg5 $6 Nxe5 17. Qe1 Rf8 $11) ({Better is} 16. Qe2) 16... gxf4 $16 17. Bxb6 ({But not} 17. Bxf4 Nxe5 18. Bg2 exd5 19. cxd5 Kb8 $15) (17. Qxf4 $6 Nxe5 18. Kb1 Bb4 $15) 17... axb6 18. dxc6 Rxd1+ 19. Kxd1 Qxc6 20. Bg2 Qxc4 21. Qf3 {[%emt 0:02:21] Inhibits Qd3+.} c6 22. exf6 Bxf6 23. Qe4 Rd8+ 24. Kc2 {[%emt 0:01:34] The board is on fire.} Qxe4+ 25. Bxe4 Bd4 (25... Rg8 $16 {was necessary.} 26. Bxh7 Rg5) 26. Rd1 h6 27. Ne2 Be3 (27... Be5 $16 28. Rxd8+ Kxd8) 28. Rxd8+ $18 {[%emt 0:03:29] White is clearly better.} Kxd8 29. Kd3 Ke7 30. Bf3 e5 31. Ke4 Kf6 32. Bg4 b5 33. Kf3 b4 34. Ke4 {Weighted Error Value: White=0.10 (very precise) /Black=0.17 (very precise) .  Mistake:       	White=1     	Black=3      Inaccurate:     	White=1     	Black=3      OK:         	White=13    	Black=8      Best:        	White=2     	Black=1} 1/2-1/2

[Event "ESP-ch U2000 2024"]
[Site "Albacete"]
[Date "2024.09.01"]
[Round "9.8"]
[White "Martino Girones, Gonzalo"]
[Black "Marquez Leon, Juan Antonio"]
[Result "1/2-1/2"]
[ECO "D10"]
[WhiteElo "1903"]
[BlackElo "1916"]
[Annotator "TA"]
[PlyCount "37"]
[EventDate "2024.08.27"]
[EventType "swiss"]
[EventCountry "ESP"]
[SourceTitle "playchess.com"]
[Source "ChessBase"]
[SourceQuality "1"]
[TimeControl "5400+30"]

1. d4 c6 2. c4 d5 3. cxd5 cxd5 4. Bf4 Nc6 5. e3 Qa5+ 6. Nc3 Nf6 7. Bd3 e6 8. a3 {[%emt 0:05:54] [#] b4 would now be deadly. White is slightly better.} a6 9. Rc1 b5 10. Nge2 b4 11. axb4 Nxb4 12. Bb1 Bd7 13. O-O Be7 14. h3 Rc8 {[%emt 0:00:20] The position is equal.} 15. Bh2 O-O 16. Kh1 Kh8 17. Kg1 Kg8 18. Kh1 Kh8 19. Kg1 {[%emt 0:00:04] Weighted Error Value: White=0.11 (very precise) /Black=0.09 (flawless) .  Inaccurate:     	White=2     	---        OK:         	White=2     	Black=5} 1/2-1/2

[Event "ESP-ch U2000 2024"]
[Site "Albacete"]
[Date "2024.09.01"]
[Round "9.9"]
[White "Machin Arbelo, Pedro Alexis"]
[Black "Murillo Lopez, Francisco"]
[Result "1/2-1/2"]
[ECO "A45"]
[WhiteElo "1916"]
[BlackElo "1925"]
[Annotator "TA"]
[PlyCount "58"]
[EventDate "2024.08.27"]
[EventType "swiss"]
[EventCountry "ESP"]
[SourceTitle "playchess.com"]
[Source "ChessBase"]
[SourceQuality "1"]
[TimeControl "5400+30"]

1. c3 Nf6 2. d4 g6 3. Bf4 Bg7 4. Nd2 d5 5. e3 O-O 6. Be2 c5 7. g4 (7. Ngf3 $142) 7... cxd4 8. exd4 {[%emt 0:00:19] The position is equal.} Nc6 9. h3 Re8 10. Ngf3 Nd7 11. O-O e5 12. dxe5 Ndxe5 13. Nxe5 Nxe5 14. Re1 Bd7 15. Nf3 (15. Bg3 $11) 15... Nxf3+ $1 $15 16. Bxf3 Rxe1+ 17. Qxe1 Qf6 $1 18. Qe3 Re8 19. Qd4 Qh4 (19... Qxd4 20. cxd4 Bxd4 21. Rd1 Bxb2 22. Bxd5 $14) 20. Qxd5 (20. Qxa7 Qxh3 21. Qxb7 Qxf3 $17 (21... Bxg4 22. Bxd5 Be6 23. Re1 $14)) 20... Bc6 (20... Qxh3 $2 21. Qxd7 Rf8 22. Bg3 $18 (22. Qxb7 Bh6 $18) (22. Bxb7 Qh4 $18)) 21. Qd1 Rd8 {[%emt 0:01:39][%mdl 1024] Black has strong compensation.} 22. Qe2 Re8 (22... Qxh3 23. Bxc6 bxc6 24. Bc7) 23. Qd1 Rd8 24. Qe2 Re8 (24... Qxh3 25. Bxc6 bxc6 26. Rd1 Rxd1+ 27. Qxd1 $11) 25. Qd1 Rd8 (25... Qxh3 $17 26. Bxc6 bxc6) 26. Qe2 $11 Re8 $40 {[%mdl 128] White needs to defend precisely.} (26... Qxh3 27. Bxc6 bxc6 28. Bc7) 27. Be3 (27. Qd1 $1 $11) 27... Qxh3 $17 28. Bxc6 bxc6 29. Rd1 Re4 $2 {Weighted Error Value: White=0.14 (very precise) /Black=0.15 (very precise) .  Mistake:       	White=3     	Black=2      Inaccurate:     	White=1     	---        OK:         	White=10    	Black=8      Best:        	White=3     	Black=3      Strong:       	---       	Black=2} (29... Be5 $17 {keeps the pressure on.} 30. Bf4 (30. Bxa7 $2 {leads to mate.} Qh2+ 31. Kf1 Qh1#) 30... Bxf4 31. Qxe8+ Kg7) 1/2-1/2